[Event "Baltic Zonal III Stage 2018"]
[Site "Liepaja"]
[Date "2018.07.13"]
[Round "6"]
[White "Kantans, Toms"]
[Black "Kanep, Meelis"]
[Result "1/2-1/2"]
[ECO "B32"]
[WhiteElo "2529"]
[BlackElo "2440"]
[Annotator "ChessBase"]
[PlyCount "128"]
[EventDate "2018.07.09"]
[EventType "swiss"]
[EventCountry "LAT"]
[SourceTitle "playchess.com"]
[Source "ChessBase"]
[SourceQuality "1"]
[TimeControl "5400+30"]

1. e4 c5 2. Nf3 Nc6 3. d4 cxd4 4. Nxd4 Qb6 5. Nb3 Nf6 6. Nc3 e6 7. Qe2 Bb4 8. Bd2 O-O 9. a3 Be7 10. O-O-O d5 11. exd5 Nxd5 12. Qf3 Nxc3 13. Bxc3 e5 14. Bc4 Be6 15. Bxe6 fxe6 16. Qg4 Qxf2 17. Qxe6+ Qf7 18. Qxf7+ Rxf7 19. Nd2 Rf2 20. g3 Bg5 21. Kb1 Bxd2 22. Rxd2 Rxd2 23. Bxd2 Rf8 24. Be3 Rf3 25. Re1 Kf7 26. c4 Na5 27. Bxa7 Nxc4 28. Kc2 Ke6 29. a4 Kd5 30. Rd1+ Kc6 31. Rd8 Ne3+ 32. Kd3 Ng4+ 33. Kc4 Ne3+ 34. Bxe3 Rxe3 35. Rc8+ Kb6 36. Rg8 Re2 37. Rxg7 Rxh2 38. b4 Kc6 39. a5 Rc2+ 40. Kd3 Rb2 41. Kc3 Rg2 42. g4 e4 43. Kd4 Rb2 44. Rxh7 Rxb4+ 45. Ke3 Kd5 46. Rh5+ Ke6 47. Rh6+ Kd5 48. Rh5+ Ke6 49. Rf5 b6 50. axb6 Rxb6 51. Kxe4 Rb7 52. Kf4 Rg7 53. Ra5 Rg8 54. Rf5 Rg7 55. Rb5 Rg8 56. Rb6+ Kf7 57. Kf5 Ra8 58. Rb7+ Kg8 59. Re7 Ra6 60. Re6 Rxe6 61. Kxe6 Kg7 62. Kf5 Kf7 63. Kg5 Kg7 64. Kf5 Kf7 1/2-1/2

[Event "Baltic Zonal III Stage 2018"]
[Site "Liepaja"]
[Date "2018.07.13"]
[Round "6"]
[White "Ladva, Ottomar"]
[Black "Malisauskas, Vidmantas"]
[Result "0-1"]
[ECO "D78"]
[WhiteElo "2498"]
[BlackElo "2432"]
[Annotator "RC"]
[PlyCount "122"]
[EventDate "2018.07.09"]
[EventType "swiss"]
[EventCountry "LAT"]
[SourceTitle "playchess.com"]
[Source "ChessBase"]
[SourceQuality "1"]
[TimeControl "5400+30"]

1. Nf3 Nf6 2. d4 g6 3. g3 Bg7 4. Bg2 d5 5. c4 c6 6. O-O O-O 7. b3 Ne4 8. Bb2 Be6 9. Nbd2 Nxd2 10. Nxd2 dxc4 11. Nxc4 Bd5 12. Qc2 Bxg2 13. Kxg2 Na6 14. Rad1 f5 15. a3 Nc7 16. f3 f4 17. gxf4 Nd5 18. Bc1 Nxf4+ 19. Bxf4 Rxf4 20. e3 Rh4 21. Qf2 Rh5 22. f4 Qd5+ 23. Qf3 Qxf3+ 24. Rxf3 Rd5 25. b4 Rad8 26. Na5 R8d7 27. Nb3 e5 28. fxe5 Bxe5 29. h3 Bd6 30. e4 Rb5 31. Kf2 Bc7 32. Nc5 Rf7 33. e5 a5 34. Ke3 axb4 35. a4 Ra5 36. Rxf7 Kxf7 37. Rf1+ Ke8 38. Ke4 Bb6 39. Nxb7 Rd5 40. Nd6+ Kd7 41. Nb5 b3 42. Rf7+ Ke6 43. Rf6+ Ke7 44. Rxc6 Rxb5 45. axb5 b2 46. Rxb6 b1=Q+ 47. Kd5 Qb3+ 48. Kc5 Qxh3 49. Rc6 Qc3+ 50. Kd5 Qb4 51. Re6+ Kf7 52. Rb6 g5 53. Rb7+ Kg6 54. b6 g4 55. Rb8 g3 56. b7 Kf5 57. Kc6 Qc4+ 58. Kb6 Qxd4+ 59. Ka6 Qc4+ 60. Ka7 g2 61. Rf8+ Ke4 0-1

[Event "Baltic Zonal III Stage 2018"]
[Site "Liepaja"]
[Date "2018.07.13"]
[Round "6"]
[White "Seeman, Tarvo"]
[Black "Kveinys, Aloyzas"]
[Result "1/2-1/2"]
[ECO "B06"]
[WhiteElo "2414"]
[BlackElo "2537"]
[Annotator "ChessBase"]
[PlyCount "23"]
[EventDate "2018.07.09"]
[EventType "swiss"]
[EventCountry "LAT"]
[SourceTitle "playchess.com"]
[Source "ChessBase"]
[SourceQuality "1"]
[TimeControl "5400+30"]

1. Nf3 g6 2. e4 Bg7 3. d4 d6 4. c3 Nf6 5. Bd3 O-O 6. O-O c5 7. h3 Qc7 8. Re1 Nc6 9. d5 Na5 10. c4 e6 11. Nc3 exd5 12. exd5 1/2-1/2

[Event "Baltic Zonal III Stage 2018"]
[Site "Liepaja"]
[Date "2018.07.13"]
[Round "6"]
[White "Berzinsh, Roland"]
[Black "Vicas, Marijus"]
[Result "1-0"]
[ECO "A45"]
[WhiteElo "2410"]
[BlackElo "2183"]
[Annotator "NA"]
[PlyCount "65"]
[EventDate "2018.07.09"]
[EventType "swiss"]
[EventCountry "LAT"]
[SourceTitle "playchess.com"]
[Source "ChessBase"]
[SourceQuality "1"]
[TimeControl "5400+30"]

1. d4 Nf6 2. Bf4 e6 3. e3 b6 4. Nf3 Bb7 5. Nbd2 Bd6 {[%emt 0:00:49] LiveBook: 13 Games} 6. Bg5 $11 h6 7. Bxf6 Qxf6 8. e4 Qd8 9. Bd3 Be7 10. Qe2 d6 11. c3 Nd7 12. Ba6 Qc8 13. Bxb7 Qxb7 14. O-O g5 15. a4 g4 16. Ne1 h5 17. Nd3 Bg5 18. f4 gxf3 19. Nxf3 Bf6 20. d5 O-O-O 21. Nb4 Rde8 22. Qc4 Rhg8 23. h3 Nc5 24. Nc6 a6 25. Nfd4 Nxe4 26. Nxe6 Nd2 27. Qf4 Nxf1 28. Ng7 Bxg7 29. Qf5+ Re6 30. dxe6 Bd4+ 31. Kxf1 Qxc6 32. exf7+ Kb7 33. fxg8=Q 1-0

[Event "Baltic Zonal III Stage 2018"]
[Site "Liepaja"]
[Date "2018.07.13"]
[Round "6"]
[White "Brazdzionis, Andrius"]
[Black "Haavamae, Henrik"]
[Result "1-0"]
[ECO "E04"]
[WhiteElo "2252"]
[BlackElo "2185"]
[Annotator "NA"]
[PlyCount "133"]
[EventDate "2018.07.09"]
[EventType "swiss"]
[EventCountry "LAT"]
[SourceTitle "playchess.com"]
[Source "ChessBase"]
[SourceQuality "1"]
[TimeControl "5400+30"]

1. d4 Nf6 2. c4 e6 3. Nf3 d5 4. g3 dxc4 5. Bg2 Nbd7 6. Qa4 a6 7. Qxc4 b5 8. Qc6 Rb8 $11 {[%emt 0:04:37] LiveBook: 163 Partien} 9. O-O Bb7 10. Qc2 c5 11. a4 b4 12. Nbd2 cxd4 13. Nxd4 Bxg2 14. Kxg2 Rc8 15. Qd1 Be7 16. N2b3 O-O 17. e3 Nc5 18. Qf3 e5 19. Nxc5 Bxc5 20. Nb3 e4 21. Qe2 Qd5 22. Qd1 Qe5 23. Bd2 Rfd8 24. Qe2 Qxb2 25. Rab1 Qa2 26. Nxc5 Rxc5 27. Qxa6 Rc2 28. Ra1 Qd5 29. Bxb4 Ng4 30. Qb6 h5 31. h3 Ne5 32. Rac1 Rdc8 33. Rxc2 Rxc2 34. Qd4 Qxd4 35. exd4 Nd3 36. Be1 Re2 37. Bc3 Rc2 38. Be1 Rc4 39. a5 Rxd4 40. g4 h4 41. Bd2 Ra4 42. Bg5 Ra2 43. Kg1 Ne5 44. Bd8 f6 45. Bb6 Kf7 46. Kg2 Nd3 47. Rb1 Nf4+ 48. Kh2 Nd5 49. Kg1 Nf4 50. Kh2 Ra3 51. Re1 Rxh3+ 52. Kg1 Ra3 53. Rxe4 g5 54. Rc4 Ke6 55. Rc6+ Ke5 56. a6 Ke4 57. a7 Kf3 58. Rc8 Ne2+ 59. Kh2 f5 60. a8=Q+ Rxa8 61. Rxa8 fxg4 62. Ra3+ Kf4 63. Be3+ Kf3 64. Bxg5+ Kxf2 65. Bxh4+ g3+ 66. Bxg3+ Nxg3 67. Rxg3 1-0

[Event "Baltic Zonal III Stage 2018"]
[Site "Liepaja"]
[Date "2018.07.13"]
[Round "6"]
[White "Pedoson, Georg Aleksander"]
[Black "Rogule, Laura"]
[Result "1-0"]
[ECO "D45"]
[WhiteElo "2176"]
[BlackElo "2320"]
[Annotator "NA"]
[PlyCount "75"]
[EventDate "2018.07.09"]
[EventType "swiss"]
[EventCountry "LAT"]
[SourceTitle "playchess.com"]
[Source "ChessBase"]
[SourceQuality "1"]
[TimeControl "5400+30"]

1. d4 d5 2. Nf3 Nf6 3. c4 e6 4. Nc3 c6 5. e3 Nbd7 6. Qc2 Bd6 7. Bd2 $11 {[%emt 0:01:53] LiveBook: 484 Games} O-O 8. h3 Re8 9. g4 e5 10. g5 exd4 11. gxf6 Qxf6 12. Nxd4 Qxd4 13. O-O-O Qe5 14. cxd5 cxd5 15. Nb5 Qe7 16. Nxd6 Qxd6 17. Bc3 Nf6 18. Rg1 Bd7 19. Kb1 g6 20. Rg5 Rac8 21. Bg2 Qe7 22. h4 b5 23. Qd3 b4 24. Be5 Ng4 25. Bg3 h6 26. Rxd5 Bc6 27. h5 Bxd5 28. Bxd5 Kh7 29. hxg6+ fxg6 30. Qd4 Nf6 31. Bd6 Qg7 32. Be5 Rf8 33. e4 Rcd8 34. Rc1 Rd7 35. Rc6 Rdf7 36. Bxf7 Rxf7 37. Bxf6 Qf8 38. e5 1-0

[Event "Baltic Zonal III Stage 2018"]
[Site "Liepaja"]
[Date "2018.07.13"]
[Round "7"]
[White "Kanep, Meelis"]
[Black "Berzinsh, Roland"]
[Result "1/2-1/2"]
[ECO "A09"]
[WhiteElo "2440"]
[BlackElo "2410"]
[Annotator "NA"]
[PlyCount "27"]
[EventDate "2018.07.09"]
[EventType "swiss"]
[EventCountry "LAT"]
[SourceTitle "playchess.com"]
[Source "ChessBase"]
[SourceQuality "1"]
[TimeControl "5400+30"]

1. Nf3 d5 2. c4 d4 3. b4 g5 4. Bb2 Bg7 5. Nxg5 e5 6. Ne4 f5 7. Nc5 b6 8. Nd3 Ne7 9. e3 O-O 10. exd4 e4 11. Nf4 Nbc6 12. c5 Nxd4 13. Qc1 Kh8 14. Na3 1/2-1/2

[Event "Baltic Zonal III Stage 2018"]
[Site "Liepaja"]
[Date "2018.07.13"]
[Round "7"]
[White "Bernotas, Arturs"]
[Black "Pedoson, Georg Aleksander"]
[Result "1-0"]
[ECO "C42"]
[WhiteElo "2413"]
[BlackElo "2176"]
[Annotator "NA RC"]
[PlyCount "75"]
[EventDate "2018.07.09"]
[EventType "swiss"]
[EventCountry "LAT"]
[SourceTitle "playchess.com"]
[Source "ChessBase"]
[SourceQuality "1"]
[TimeControl "5400+30"]

1. e4 e5 2. Nf3 Nf6 3. Nxe5 d6 4. Nf3 Nxe4 5. d4 d5 6. Bd3 Be7 7. O-O Nc6 8. Nbd2 Nxd2 9. Bxd2 Bg4 10. c3 O-O 11. Bf4 Qd7 12. Re1 Rae8 13. b4 Bf6 14. Qc2 Bxf3 15. Bxh7+ Kh8 16. Bf5 Rxe1+ 17. Rxe1 Re8 18. Rxe8+ Qxe8 19. gxf3 g6 20. Bd3 Qd7 21. Qe2 a6 22. Kg2 Kg7 23. b5 Nd8 24. bxa6 bxa6 25. Bxa6 Ne6 26. Bg3 Qc6 27. Qd3 Qa4 28. Bc8 Nf8 29. Qa6 Qc2 30. Qa5 c6 31. a4 Nh7 32. h4 Qd2 33. Qc5 Qh6 34. Qxc6 Bxh4 35. Bxh4 Qxh4 36. Qxd5 Nf6 37. Qe5 Kf8 38. a5 1-0

[Event "Baltic Zonal III Stage 2018"]
[Site "Liepaja"]
[Date "2018.07.13"]
[Round "7"]
[White "Haavamae, Henrik"]
[Black "Chukavin, Kirill"]
[Result "1/2-1/2"]
[ECO "B81"]
[WhiteElo "2185"]
[BlackElo "2303"]
[Annotator "NA"]
[PlyCount "134"]
[EventDate "2018.07.09"]
[EventType "swiss"]
[EventCountry "LAT"]
[SourceTitle "playchess.com"]
[Source "ChessBase"]
[SourceQuality "1"]
[TimeControl "5400+30"]

1. e4 c5 2. Nf3 e6 3. d4 cxd4 4. Nxd4 Nf6 5. Nc3 d6 6. g4 h6 7. h4 Nc6 8. Rg1 d5 9. exd5 Nxd5 10. Nxd5 Qxd5 11. Bg2 Qa5+ 12. Bd2 Qe5+ 13. Be3 Bd7 14. Nxc6 Bxc6 15. Bxc6+ bxc6 16. Qd4 Qxd4 17. Bxd4 c5 18. Bc3 Rd8 19. Ke2 Rd5 20. Rad1 f6 21. f4 Bd6 22. Kf3 Kd7 23. b3 Kc6 24. Bb2 Rxd1 25. Rxd1 h5 26. Rh1 a6 27. c4 Kd7 28. Rg1 hxg4+ 29. Rxg4 Kc6 30. Kg3 Rh7 31. Rg6 Kd7 32. h5 Ke7 33. Rg4 Kf7 34. Rh4 Rh6 35. Rh1 Be7 36. Kg4 Rh8 37. Rg1 Rd8 38. Rg2 Rd1 39. f5 Re1 40. fxe6+ Kxe6 41. Bc3 Rf1 42. Re2+ Kf7 43. Rg2 Bd6 44. Bd2 f5+ 45. Kh4 Be7+ 46. Kg3 Rh1 47. Kf4 Rxh5 48. Ke5 g6 49. Kd5 f4+ 50. Ke4 g5 51. Kf5 Rh6 52. Bc3 Bf6 53. Ba5 Rh3 54. Rd2 Re3 55. Bc7 Re7 56. Bb8 Rb7 57. Bd6 Rd7 58. b4 cxb4 59. c5 Be7 60. Bxf4 Rxd2 61. Bxd2 Bxc5 62. Bxg5 a5 63. Ke5 a4 64. Bc1 a3 65. Kd5 b3 66. axb3 a2 67. Bb2 Be7 1/2-1/2

[Event "Baltic Zonal III Stage 2018"]
[Site "Liepaja"]
[Date "2018.07.13"]
[Round "7"]
[White "Vicas, Marijus"]
[Black "Brazdzionis, Andrius"]
[Result "1/2-1/2"]
[ECO "B07"]
[WhiteElo "2183"]
[BlackElo "2252"]
[Annotator "NA"]
[PlyCount "31"]
[EventDate "2018.07.09"]
[EventType "swiss"]
[EventCountry "LAT"]
[SourceTitle "playchess.com"]
[Source "ChessBase"]
[SourceQuality "1"]
[TimeControl "5400+30"]

1. e4 d6 2. d4 Nf6 3. Nc3 g6 4. Be3 c6 5. Qd2 Nbd7 6. Nf3 Bg7 7. Bh6 O-O 8. h4 e5 9. dxe5 dxe5 10. O-O-O Qe7 11. Bxg7 Kxg7 12. Bd3 Nc5 13. Qg5 Re8 14. h5 h6 15. Qg3 g5 16. Kb1 1/2-1/2

[Event "Baltic Zonal III Stage 2018"]
[Site "Liepaja"]
[Date "2018.07.14"]
[Round "8"]
[White "Klabis, Rokas"]
[Black "Rogule, Laura"]
[Result "1/2-1/2"]
[ECO "B24"]
[WhiteElo "2347"]
[BlackElo "2320"]
[Annotator "NA"]
[PlyCount "95"]
[EventDate "2018.07.09"]
[EventType "swiss"]
[EventCountry "LAT"]
[SourceTitle "playchess.com"]
[Source "ChessBase"]
[SourceQuality "1"]
[TimeControl "5400+30"]

1. e4 c5 2. Nc3 Nc6 3. Bb5 g6 4. Bxc6 bxc6 5. d4 Qa5 6. Nge2 Bg7 7. Be3 Nf6 8. f3 cxd4 9. Nxd4 Ba6 10. Qd2 O-O 11. Nb3 Qc7 12. O-O-O Rfd8 13. Bf4 d6 14. g4 Bc4 15. h4 a5 16. Qh2 e5 17. Bg5 a4 18. Nd2 Be6 19. h5 Rdb8 20. Ndb1 h6 21. Be3 g5 22. Qd2 Qb7 23. b3 d5 24. Bxg5 axb3 25. axb3 Kh7 26. Bxh6 Bxh6 27. g5 d4 28. gxh6 Rg8 29. Na4 Rxa4 30. bxa4 Rb8 31. Qa5 Qxb1+ 32. Kd2 Qa2 33. Ra1 Qc4 34. Rab1 Rxb1 35. Rxb1 Nxh5 36. Qb4 Qa6 37. Qf8 Qxa4 38. Rb8 Qa5+ 39. Kd1 Qa1+ 40. Kd2 Qc3+ 41. Kc1 Qa1+ 42. Kd2 Qc3+ 43. Kc1 Qa1+ 44. Kd2 Qc3+ 45. Kc1 Qe3+ 46. Kb1 Qxh6 47. Qh8+ Kg6 48. Qg8+ {Kh7 Qf8 Qe3} 1/2-1/2

[Event "Baltic Zonal III Stage 2018"]
[Site "Liepaja"]
[Date "2018.07.14"]
[Round "8"]
[White "Brazdzionis, Andrius"]
[Black "Sirosh, Ilja"]
[Result "1/2-1/2"]
[ECO "D85"]
[WhiteElo "2252"]
[BlackElo "2339"]
[Annotator "NA"]
[PlyCount "92"]
[EventDate "2018.07.09"]
[EventType "swiss"]
[EventCountry "LAT"]
[SourceTitle "playchess.com"]
[Source "ChessBase"]
[SourceQuality "1"]
[TimeControl "5400+30"]

1. d4 Nf6 2. c4 g6 3. Nc3 d5 4. cxd5 Nxd5 5. e4 Nxc3 6. bxc3 Bg7 7. Bg5 c5 8. Rc1 O-O 9. Nf3 Bg4 10. d5 Qd6 11. Be2 Nd7 12. O-O Bxf3 13. Bxf3 b5 14. Bg4 c4 15. Bxd7 Qxd7 16. f4 Rac8 17. f5 a5 18. Qe1 Be5 19. Qh4 f6 20. Bd2 g5 21. Qh6 b4 22. h4 gxh4 23. cxb4 c3 24. Bf4 Bd4+ 25. Be3 Qa7 26. Bxd4 Qxd4+ 27. Kh1 axb4 28. Qxh4 Kh8 29. Rfd1 Qe5 30. d6 exd6 31. Rd5 Qe7 32. Rd4 Rb8 33. Qg3 Rb6 34. Qd3 Ra8 35. Rc2 Ra5 36. Kh2 Qe5+ 37. Kh3 Rc5 38. g3 Kg7 39. Kg2 Qe7 40. Qd1 Re5 41. Qd3 Qb7 42. Kh2 Re7 43. Qf3 Kh8 44. Qd3 Kg7 45. Qf3 Kg8 46. Qd3 Kg7 1/2-1/2

[Event "Baltic Zonal III Stage 2018"]
[Site "Liepaja"]
[Date "2018.07.14"]
[Round "8"]
[White "Pedoson, Georg Aleksander"]
[Black "Chukavin, Kirill"]
[Result "0-1"]
[ECO "D35"]
[WhiteElo "2176"]
[BlackElo "2303"]
[Annotator "NA"]
[PlyCount "70"]
[EventDate "2018.07.09"]
[EventType "swiss"]
[EventCountry "LAT"]
[SourceTitle "playchess.com"]
[Source "ChessBase"]
[SourceQuality "1"]
[TimeControl "5400+30"]

1. c4 e6 2. Nc3 d5 3. d4 Nf6 4. cxd5 exd5 5. Bg5 c6 6. e3 Bf5 7. Bd3 Bxd3 8. Qxd3 Nbd7 9. Nge2 Bd6 10. Ng3 g6 11. O-O h6 12. Bf4 Qc7 13. Bxd6 Qxd6 14. e4 dxe4 15. Ngxe4 Qc7 16. d5 O-O 17. d6 Qb6 18. Rad1 Rad8 19. Rd2 Kg7 20. h3 Rfe8 21. Rfd1 Re6 22. Nxf6 Nxf6 23. Qc4 Qa5 24. b4 Qg5 25. Rd4 Qe5 26. Qd3 b6 27. Qd2 Rd7 28. a4 Ne8 29. Ne4 c5 30. bxc5 bxc5 31. Rc4 Nxd6 32. Nxc5 Ree7 33. Nxd7 Nxc4 34. Nxe5 Nxd2 35. Nxg6 Rd7 0-1

[Event "Baltic Zonal III Stage 2018"]
[Site "Liepaja"]
[Date "2018.07.15"]
[Round "9"]
[White "Kanep, Meelis"]
[Black "Brazdzionis, Andrius"]
[Result "1/2-1/2"]
[ECO "A05"]
[WhiteElo "2440"]
[BlackElo "2252"]
[Annotator "NA"]
[PlyCount "57"]
[EventDate "2018.07.09"]
[EventType "swiss"]
[EventCountry "LAT"]
[SourceTitle "playchess.com"]
[Source "ChessBase"]
[SourceQuality "1"]
[TimeControl "5400+30"]

1. Nf3 Nf6 2. c4 e6 3. g3 d5 4. d4 Bb4+ 5. Bd2 Be7 6. Bg2 O-O 7. O-O Nbd7 8. Qb3 c6 9. Nc3 b6 10. Bf4 Nh5 11. Bc1 Nhf6 12. Rd1 Bb7 13. cxd5 cxd5 14. Bf4 Nh5 15. Bd2 Nhf6 16. a4 a6 17. Be1 Bd6 18. Nd2 Qb8 19. e3 Rd8 20. h3 Qa7 21. f4 Rac8 22. g4 Qa8 23. Bh4 Re8 24. Rdc1 Ne4 25. Ndxe4 dxe4 26. Qa2 Bb4 27. Qb3 Bd6 28. Qa2 Bb4 29. Qb3 1/2-1/2

[Event "Baltic Zonal III Stage 2018"]
[Site "Liepaja"]
[Date "2018.07.15"]
[Round "9"]
[White "Malisauskas, Vidmantas"]
[Black "Kulaots, Kaido"]
[Result "1-0"]
[ECO "A04"]
[WhiteElo "2432"]
[BlackElo "2555"]
[Annotator "RC"]
[PlyCount "95"]
[EventDate "2018.07.09"]
[EventType "swiss"]
[EventCountry "LAT"]
[SourceTitle "playchess.com"]
[Source "ChessBase"]
[SourceQuality "1"]
[TimeControl "5400+30"]

1. Nf3 c5 2. c4 Nc6 3. Nc3 Nd4 4. e3 Nxf3+ 5. Qxf3 g6 6. g3 Bg7 7. Bg2 d6 8. O-O Nf6 9. d4 O-O 10. dxc5 dxc5 11. Rd1 Qb6 12. h3 Rd8 13. Na4 Rxd1+ 14. Qxd1 Qc7 15. Qb3 Rb8 16. Nc3 a6 17. a4 e6 18. Bd2 Bd7 19. Rd1 Bc6 20. Be1 Bxg2 21. Kxg2 Qc6+ 22. f3 h5 23. Qc2 g5 24. e4 g4 25. hxg4 hxg4 26. f4 Ne8 27. Kh2 Nd6 28. e5 Nxc4 29. Qe2 b5 30. axb5 axb5 31. Ne4 Qa8 32. b3 Nb6 33. Nxc5 Nd5 34. Rc1 Rc8 35. Bf2 b4 36. Rc4 Nc3 37. Qxg4 Rd8 38. Nxe6 fxe6 39. Qxe6+ Kh8 40. f5 Ne4 41. f6 Bh6 42. Qh3 Kh7 43. Qf5+ Kh8 44. Qg6 Rd7 45. Rxe4 Bg5 46. e6 Rh7+ 47. Kg2 Qc6 48. e7 1-0

[Event "Baltic Zonal III Stage 2018"]
[Site "Liepaja"]
[Date "2018.07.15"]
[Round "9"]
[White "Pultinevicius, Paulius"]
[Black "Ladva, Ottomar"]
[Result "0-1"]
[ECO "A10"]
[WhiteElo "2422"]
[BlackElo "2498"]
[Annotator "RC"]
[PlyCount "114"]
[EventDate "2018.07.09"]
[EventType "swiss"]
[EventCountry "LAT"]
[SourceTitle "playchess.com"]
[Source "ChessBase"]
[SourceQuality "1"]
[TimeControl "5400+30"]

1. c4 b6 2. d4 Bb7 3. Nc3 Nf6 4. Nf3 g6 5. Qc2 Bg7 6. e4 d6 7. Be2 O-O 8. O-O Nbd7 9. Rd1 e6 10. h3 Qe7 11. e5 Ne8 12. Bg5 f6 13. Bh4 g5 14. exf6 Bxf6 15. Bg3 Ng7 16. Bh2 Nf5 17. d5 Bxc3 18. bxc3 e5 19. Nd2 Nc5 20. Nb3 Nd7 21. Bg4 Qf7 22. Rd3 Ng7 23. Re1 Nf6 24. Bd1 Ba6 25. Nd2 Nxd5 26. Bf3 Ne7 27. Rf1 Rab8 28. Qa4 Bb7 29. Qxa7 Qg6 30. Re3 Bxf3 31. Rxf3 Ne6 32. Rxf8+ Rxf8 33. Qa4 Nc5 34. Qd1 Qd3 35. Qc1 Ng6 36. Nb3 Ne6 37. c5 bxc5 38. Rd1 Qc4 39. Qe3 Ra8 40. Nd2 Qxa2 41. Ne4 Rf8 42. Bg3 Ngf4 43. Rd2 Qb1+ 44. Kh2 Ra8 45. Bxf4 gxf4 46. Nf6+ Kf7 47. Qe4 Qxe4 48. Nxe4 Kg6 49. h4 Ra4 50. f3 h5 51. Rd1 Ra2 52. Kh3 Rc2 53. Kh2 Ng7 54. Ra1 Nf5 55. Ra7 Nxh4 56. Kh3 Nxg2 57. Rxc7 Ne1 0-1

[Event "Baltic Zonal III Stage 2018"]
[Site "Liepaja"]
[Date "2018.07.15"]
[Round "9"]
[White "Bernotas, Arturs"]
[Black "Kantans, Toms"]
[Result "1-0"]
[ECO "B38"]
[WhiteElo "2413"]
[BlackElo "2529"]
[Annotator "RC"]
[PlyCount "119"]
[EventDate "2018.07.09"]
[EventType "swiss"]
[EventCountry "LAT"]
[SourceTitle "playchess.com"]
[Source "ChessBase"]
[SourceQuality "1"]
[TimeControl "5400+30"]

1. e4 c5 2. Nf3 g6 3. c4 Bg7 4. d4 cxd4 5. Nxd4 Nc6 6. Be3 Nf6 7. Nc3 d6 8. Be2 O-O 9. O-O Bd7 10. h3 Nxd4 11. Bxd4 Bc6 12. Qc2 a5 13. Rad1 Qc7 14. b3 Nd7 15. Qd2 Bxd4 16. Qxd4 Qb6 17. Qxb6 Nxb6 18. f4 Kg7 19. Rd4 Rfc8 20. Rfd1 Rc7 21. a3 Nd7 22. Rb1 Nc5 23. g3 e5 24. Rxd6 exf4 25. gxf4 Nxe4 26. Rxc6 Nxc3 27. Rxc7 Nxb1 28. Rxb7 a4 29. c5 Nxa3 30. bxa4 Rxa4 31. c6 Nc4 32. c7 Nd6 33. Rb6 Ra7 34. Rxd6 Rxc7 35. Kf2 Ra7 36. Bf3 Ra2+ 37. Kg3 Ra3 38. Rd7 Kf6 39. Rb7 Rc3 40. Rb6+ Kg7 41. h4 Ra3 42. f5 gxf5 43. Kf4 Ra4+ 44. Kg5 Rd4 45. Rb7 Rd3 46. Bh5 h6+ 47. Kxf5 Rd5+ 48. Kg4 Rd4+ 49. Kg3 Rd3+ 50. Kf2 Rd5 51. Rxf7+ Kg8 52. Bg6 Rd6 53. h5 Rd5 54. Ra7 Rb5 55. Ke3 Rc5 56. Kf4 Rg5 57. Bf5 Rxh5 58. Ke5 Rg5 59. Kf6 Kh8 60. Bg6 1-0

[Event "Baltic Zonal III Stage 2018"]
[Site "Liepaja"]
[Date "2018.07.15"]
[Round "9"]
[White "Sirosh, Ilja"]
[Black "Berzinsh, Roland"]
[Result "1-0"]
[ECO "A30"]
[WhiteElo "2339"]
[BlackElo "2410"]
[Annotator "NA"]
[PlyCount "76"]
[EventDate "2018.07.09"]
[EventType "swiss"]
[EventCountry "LAT"]
[SourceTitle "playchess.com"]
[Source "ChessBase"]
[SourceQuality "1"]
[TimeControl "5400+30"]

1. c4 c5 2. Nf3 Nf6 3. Nc3 e6 4. g3 b6 5. Bg2 Bb7 6. O-O Be7 7. Re1 d5 8. cxd5 Nxd5 9. Nxd5 Bxd5 10. e4 Bb7 11. d4 cxd4 12. Nxd4 O-O 13. Be3 Nd7 14. Rc1 Bb4 15. Re2 Nf6 16. a3 Be7 17. Rd2 Qe8 18. f3 Rc8 19. Bf1 Rxc1 20. Qxc1 Qa8 21. Rc2 Rd8 22. Nb5 Ne8 23. b4 Bf6 24. a4 Be5 25. a5 a6 26. Bxb6 axb5 27. Bxd8 Qxd8 28. Rd2 Qg5 29. Rd1 Qxc1 30. Rxc1 Nd6 31. Rc7 f5 32. exf5 Bxf3 33. Bg2 Bd4+ 34. Kh1 Bxg2+ 35. Kxg2 Nxf5 36. Kf3 Nd6 37. a6 e5 38. a7 e4+ {[%emt 0:00:04] Kxe4} 1-0

[Event "Baltic Zonal III Stage 2018"]
[Site "Liepaja"]
[Date "2018.07.15"]
[Round "9"]
[White "Rogule, Laura"]
[Black "Meskovs, Nikita"]
[Result "0-1"]
[ECO "C49"]
[WhiteElo "2320"]
[BlackElo "2540"]
[Annotator "ChessBase"]
[PlyCount "86"]
[EventDate "2018.07.09"]
[EventType "swiss"]
[EventCountry "LAT"]
[SourceTitle "playchess.com"]
[Source "ChessBase"]
[SourceQuality "1"]
[TimeControl "5400+30"]

1. e4 e5 2. Nf3 Nc6 3. Nc3 Nf6 4. Bb5 Bb4 5. O-O O-O 6. d3 d6 7. Bg5 Ne7 8. Bxf6 gxf6 9. Nd5 Nxd5 10. exd5 a6 11. Ba4 f5 12. c3 Ba5 13. d4 b5 14. Bc2 Re8 15. g3 Qf6 16. Nh4 exd4 17. cxd4 Bb6 18. Qh5 Bxd4 19. Rae1 Bd7 20. b3 c5 21. dxc6 Bxc6 22. Nxf5 Bb6 23. Re7 Kf8 24. Rfe1 Rxe7 25. Rxe7 Rd8 26. Re1 Bd5 27. Qxh7 Rc8 28. Bd3 Ba5 29. Rd1 Bf3 30. Rb1 Rc3 31. Nh6 Qg7 32. Qf5 Bb7 33. Ng4 Bc8 34. Qd5 Qxg4 35. Qxd6+ Kg8 36. Re1 Be6 37. Qxa6 Bb4 38. Bxb5 Bc5 39. Qa8+ Kg7 40. Be2 Bxf2+ 41. Kg2 Qf5 42. Rd1 Bc5 43. Kh1 Rc1 0-1

[Event "Baltic Zonal III Stage 2018"]
[Site "Liepaja"]
[Date "2018.07.15"]
[Round "9"]
[White "Chukavin, Kirill"]
[Black "Kveinys, Aloyzas"]
[Result "0-1"]
[ECO "B19"]
[WhiteElo "2303"]
[BlackElo "2537"]
[Annotator "ChessBase"]
[PlyCount "126"]
[EventDate "2018.07.09"]
[EventType "swiss"]
[EventCountry "LAT"]
[SourceTitle "playchess.com"]
[Source "ChessBase"]
[SourceQuality "1"]
[TimeControl "5400+30"]

1. e4 c6 2. d4 d5 3. Nc3 dxe4 4. Nxe4 Bf5 5. Ng3 Bg6 6. h4 h6 7. Nf3 Nd7 8. h5 Bh7 9. Bd3 Bxd3 10. Qxd3 e6 11. Bd2 Ngf6 12. O-O-O Be7 13. Kb1 O-O 14. Ne4 Nxe4 15. Qxe4 Nf6 16. Qe2 Qd5 17. Ne5 Qe4 18. Qxe4 Nxe4 19. Be1 Rfd8 20. f3 Nf6 21. Bf2 Rac8 22. g4 Nd5 23. Rhe1 b5 24. c3 Bd6 25. Nd3 a5 26. Kc2 a4 27. Nc5 Bxc5 28. dxc5 Re8 29. Bg3 f6 30. Bd6 e5 31. b4 axb3+ 32. axb3 Ra8 33. Ra1 g6 34. hxg6 Kg7 35. c4 bxc4 36. bxc4 Nf4 37. Reb1 Kxg6 38. Kd2 h5 39. gxh5+ Nxh5 40. Rxa8 Rxa8 41. Rb6 Rc8 42. Ke3 Kf5 43. Ra6 Nf4 44. Kf2 Nd3+ 45. Ke2 Nb2 46. Ra7 Nxc4 47. Be7 Rh8 48. Kd3 Rh4 49. Ra6 Rd4+ 50. Kc3 Ne3 51. Bd6 Nd5+ 52. Kb2 Rb4+ 53. Ka3 Rf4 54. Rxc6 Rxf3+ 55. Ka4 e4 56. Rc8 Ke6 57. Kb5 Rb3+ 58. Kc6 Nb4+ 59. Kc7 Kd5 60. Rf8 Na6+ 61. Kd7 Nxc5+ 62. Bxc5 Kxc5 63. Rxf6 e3 0-1

[Event "Baltic Zonal III Stage 2018"]
[Site "Liepaja"]
[Date "2018.07.15"]
[Round "9"]
[White "Haavamae, Henrik"]
[Black "Klabis, Rokas"]
[Result "1-0"]
[ECO "C67"]
[WhiteElo "2185"]
[BlackElo "2347"]
[Annotator "NA"]
[PlyCount "95"]
[EventDate "2018.07.09"]
[EventType "swiss"]
[EventCountry "LAT"]
[SourceTitle "playchess.com"]
[Source "ChessBase"]
[SourceQuality "1"]
[TimeControl "5400+30"]

1. e4 e5 2. Nf3 Nc6 3. Bb5 Nf6 4. O-O Nxe4 5. Qe2 Ng5 6. Nxg5 Qxg5 7. d4 Qf5 8. Bxc6 dxc6 9. Qxe5+ Qxe5 10. dxe5 Bf5 11. c3 O-O-O 12. Nd2 Bc5 13. Nb3 Bb6 14. Bg5 Rde8 15. Rfe1 h6 16. Bd2 Bd3 17. Rad1 c5 18. Bf4 c4 19. Nd4 g5 20. Bc1 Re7 21. g4 Rhe8 22. Nf3 Re6 23. Kg2 f6 24. exf6 Be4 25. f7 Rf8 26. Kg1 Rxf7 27. Nd4 Bxd4 28. Rxd4 Rfe7 29. f4 c5 30. Rxc4 b6 31. fxg5 Bd3 32. Rxe6 Rxe6 33. Rf4 Re1+ 34. Kg2 Rxc1 35. gxh6 Re1 36. Rf7 Kd8 37. h7 Re8 38. Rxa7 Be4+ 39. Kg3 Rh8 40. Kf4 Rxh7 41. Rxh7 Bxh7 42. Kg5 Ke7 43. Kh6 Bg8 44. Kg7 Bxa2 45. h4 Be6 46. g5 Bg4 47. g6 Bh5 48. Kh7 1-0